 Dungeon Crawl Stone Soup version 0.18.1-1-g2f07953 (webtiles) character file.

429 Mrmini23 the Cleaver (level 6, 0/75 HPs)
             Began as a Hill Orc Gladiator on May 7, 2016.
             Succumbed to a gnoll's poison
             ... on level 4 of the Dungeon.
             The game lasted 00:12:38 (2976 turns).

Mrmini23 the Cleaver (Hill Orc Gladiator)           Turns: 2976, Time: 00:12:39

Health: 0/75       AC: 12    Str: 25    XL:     6   Next: 98%
Magic:  5/6        EV:  9    Int:  8    God:
Gold:   212        SH:  0    Dex: 13    Spells: 0 memorised, 5 levels left

rFire  . . .     SeeInvis .     a - +1 war axe
rCold  . . .     Gourm    .     n - +0 chain mail
rNeg   . . .     Faith    .     (no shield)
rPois  .         Spirit   .     m - +1 helmet
rElec  .         Dismiss  +     (no cloak)
rCorr  .         Reflect  .     (no gloves)
SustAt .         Harm     .     l - +0 pair of boots
MR     .....                    u - amulet of dismissal
Stlth  ..........               (no ring)
                                t - +2 ring of dexterity

@: berserking, lethally poisoned (0 -> -9), very quick, not resistant to hostile
enchantments, extremely unstealthy
A: no striking features
a: no special abilities


You were on level 4 of the Dungeon.
You were not hungry.

You visited 1 branch of the dungeon, and saw 4 of its levels.

You collected 212 gold pieces.

Inventory:

Hand Weapons
 a - a +1 war axe (weapon)
Missiles
 d - 3 throwing nets
 r - 5 javelins (quivered)
Armour
 l - a +0 pair of boots (worn)
 m - a +1 helmet (worn)
 n - a +0 chain mail (worn)
 s - a +3 plate armour
Jewellery
 b - a cursed ring of teleportation
 e - an uncursed amulet of harm
 t - a +2 ring of dexterity (left hand)
 u - an amulet of dismissal (around neck)
Wands
 c - a wand of polymorph (5/24)
Scrolls
 g - a scroll of enchant armour {unknown}
 p - a scroll of random uselessness {unknown}
Potions
 i - a potion of berserk rage
 j - a potion of curing {unknown}
 k - a potion of flight {unknown}
 o - a potion of beneficial mutation {unknown}
 q - 2 potions of might {unknown}
 v - 2 potions of invisibility {unknown}
 w - a potion of degeneration {unknown}
Comestibles
 f - 2 bread rations
 h - 9 chunks of flesh


   Skills:
 - Level 2.4 Fighting
 * Level 8.7 Axes
 - Level 1.7 Throwing
 + Level 3.7 Armour
 - Level 2.4 Dodging


You had 5 spell levels left.
You didn't know any spells.

Dungeon Overview and Level Annotations

Branches:
Dungeon (4/15)
 Temple: D:4-7

Altars:
Elyvilon
Makhleb
Xom

Annotations:
D:3 1 runed door


Message History

You kill the orc!
* * * LOW HITPOINT WARNING * * *
You feel sick. The gnoll hits you but does no damage.
Unknown command.
Unknown command.
* * * LOW HITPOINT WARNING * * *
You feel sick. The gnoll barely misses you.
There is a fountain of sparkling water here.
You see here a club of chaos.
You closely miss the gnoll. x2
The gnoll is severely wounded.
* * * LOW HITPOINT WARNING * * *
You feel sick. The gnoll barely misses you. x2
Unknown command.
Unknown command.
You are too berserk!
Your chain mail prevents you from hitting the gnoll.
You slash the gnoll!
You kill the gnoll!
You die...

......###..⌠?≈ .. ......#
≈.#.#. .. .# #..##.# _.#≈.≈
.#####.. #..##.# #^...≈#
..%...).# #.....#
.#....≈####........# #####)#
#..?##.⌠≈#......... #.#
#...≈.#))..##.$..# #.#
≈..≈#.†)g#.#....## #.#
..≈.≈###@#...#...# ### #.#
..##...#.#.....#.# ..# ###
.≈#≈≈..#.......# #.#####
.#.#.≈...####....###
#.....####.#.≈#§###......>...
####...## ..≈.####............
###..#..##≈?..##.>.............
..).###..######................
..#.#..........................


You could see a gnoll.

Vanquished Creatures
  An ice beast (D:2)
  The ghost of Balhrin the Magician, a weakling HEWz (D:3)
  A hound (D:4)
  3 orc wizards
  2 worker ants
  Robin (D:2)
  A gnoll (D:4)
  An adder (D:2)
  An ooze (D:2)
  4 worms
  A dart slug (D:2)
  A giant gecko (D:1)
  13 orcs
  5 bats
  A giant cockroach (D:1)
  15 goblins
  11 hobgoblins
  7 jackals (D:3)
  9 kobolds
  A quokka (D:4)
  4 giant newts
  9 rats
93 creatures vanquished.

Notes
Turn   | Place    | Note
--------------------------------------------------------------
     0 | D:1      | Mrmini23 the Hill Orc Gladiator began the quest for the Orb.
     0 | D:1      | Reached XP level 1. HP: 18/18 MP: 1/1
    99 | D:1      | Reached XP level 2. HP: 18/25 MP: 2/2
   309 | D:1      | Reached skill level 5 in Axes
   684 | D:2      | Noticed Robin
   685 | D:2      | Reached XP level 3. HP: 30/30 MP: 3/3
   848 | D:2      | Killed Robin
   848 | D:2      | Reached skill level 6 in Axes
   985 | D:2      | Reached XP level 4. HP: 36/37 MP: 4/4
  1036 | D:2      | Reached skill level 1 in Armour
  1313 | D:2      | Found a shimmering altar of Xom.
  1314 | D:2      | Found a burning altar of Makhleb.
  1693 | D:3      | Found a white marble altar of Elyvilon.
  1693 | D:3      | Noticed an angel
  1701 | D:3      | Noticed Balhrin's ghost (weakling HEWz)
  1798 | D:3      | Reached XP level 5. HP: 41/42 MP: 5/5
  1809 | D:3      | Killed Balhrin's ghost
  1809 | D:3      | Reached skill level 7 in Axes
  1834 | D:3      | Found a runed door.
  2288 | D:4      | Noticed an ice beast
  2298 | D:4      | Reached XP level 6. HP: 42/50 MP: 6/6
  2572 | D:2      | Killed an ice beast
  2572 | D:2      | Reached skill level 8 in Axes
  2959 | D:4      | Found a shimmering altar of Xom.
  2972 | D:4      | HP: 3/75 [orc/club of chaos (16)]
  2974 | D:4      | HP: 1/75 [poisoned by a gnoll]
  2976 | D:4      | Succumbed to a gnoll's poison

Skill      XL: |  1  2  3  4  5  6 |
---------------+-------------------+-----
Axes           | 5 6 7 8 |  8.7
Armour         | 2 3 |  3.7
Fighting       | |  2.4
Throwing       | |  1.7
Dodging        | |  2.4

Action                   |  1- 3 |  4- 6 || total
-------------------------+-------+-------++-------
Melee: War axe           |    84 |   160 ||   244
Throw: Javelin           |       |     3 ||     3
  Use: Scroll            |       |    10 ||    10
       Potion            |       |     1 ||     1
  Eat: Chunk             |       |     5 ||     5
       Meat ration       |       |     1 ||     1
Armor: Leather armour    |    27 |       ||    27
       Chain mail        |     9 |   129 ||   138
Dodge: Dodged            |    47 |    73 ||   120
